 Dungeon Crawl Stone Soup version 0.30-a0-879-ga8ba668304 (webtiles) character file.

Game seed: 13799785627621271090

55 Gerhazo the Ducker (level 4, 0/31 HPs)
             Began as a Djinni Hedge Wizard on Mar 13, 2023.
             Killed from afar by an orc wizard (10 damage)
             ... with a magic dart
             ... on level 2 of the Dungeon.
             The game lasted 00:01:46 (921 turns).

Gerhazo the Ducker (Djinni Hedge Wizard)             Turns: 921, Time: 00:01:46

Health: 0/31       AC:  2    Str:  9    XL:     4   Next: 14%
Gold:   73         EV: 12    Int: 18    God:
                   SH:  0    Dex: 12

rFire   + + .      SeeInvis .    a - +0 dagger
rCold   x . .      Faith    .    (no shield)
rNeg    . . .      Spirit   .    b - +0 robe
rPois   ∞          Reflect  .    c - +0 hat
rElec   .          Rampage  .    (no cloak)
rCorr   .                        (no gloves)
Will    .....                    (boots unavailable)
Stlth   ++                       (no amulet)
HPRegen 0.25/turn                (no ring)
MPRegen 0.00/turn                (no ring)

@: flying, very slightly contaminated
A: sickness immunity, fire resistance 2, cold vulnerability 1, float, innate
caster, HP casting, extra vitality 1
a: no special abilities


You were on level 2 of the Dungeon.
You visited 1 branch of the dungeon, and saw 3 of its levels.

You collected 73 gold pieces.

Inventory:

Hand Weapons
 a - a +0 dagger (weapon)
Armour
 b - a +0 robe (worn)
 c - a +0 hat (worn)
Scrolls
 e - a scroll of amnesia {unknown}
 f - 2 scrolls of identify {unknown}
Potions
 d - a potion of resistance {unknown}


   Skills:
 + Level 3.1 Dodging
 + Level 2.4 Stealth
 + Level 2.9 Spellcasting


You knew the following spells:

 Your Spells              Type           Power      Damage    Failure   Level
a - Magic Dart            Conj           52%        1d5       4%          1
b - Slow                  Hex            52%        N/A       4%          1
c - Blink                 Tloc           26%        N/A       8%          2
d - Call Imp              Summ           13%        N/A       8%          2
e - Mephitic Cloud        Conj/Pois/Air  13%        N/A       16%         3
f - Beastly Appendage     Tmut           26%        N/A       4%          1
Your spell library was empty.

Dungeon Overview and Level Annotations

Branches:
Dungeon (3/15)

Altars:


Innate Abilities, Weirdness & Mutations

You are immune to sickness and miasma.
You are immune to poison.
Your flesh is very heat resistant. (rF++)
You are vulnerable to cold. (rC-)
You float through the air rather than walking.
You learn spells naturally, not from books.
Your magical power is your life essence.
You have superior vitality. (+4 MHP)


Message History

The orc hits you with a +0 club.
The magic dart hits the orc.
You kill the orc!
You can't see any susceptible monsters within range! (Use Z to cast anyway.)
You can't see any susceptible monsters within range! (Use Z to cast anyway.)
You start resting.
HP restored.
You fly downwards.
The orc hits you with a +0 short sword.
There is a stone staircase leading up here.
The orc hits you with a +0 short sword. The orc wizard misses you.
You fly upwards.
There is a stone staircase leading down here.
The magic dart hits the orc wizard but does no damage.
The orc hits you but does no damage.
The orc wizard hits you with a +0 dagger.
The magic dart hits the orc wizard.
The orc wizard is moderately wounded.
The orc wizard misses you. The orc closely misses you.
The magic dart hits the orc wizard.
The orc wizard is moderately wounded.
The orc hits you with a +0 short sword. The orc wizard closely misses you.
The magic dart hits the orc wizard.
The orc wizard is heavily wounded.
The orc misses you. The orc wizard closely misses you.
The magic dart hits the orc wizard but does no damage.
The orc wizard is heavily wounded.
The orc wizard closely misses you. The orc closely misses you.
You miscast Magic Dart.
You are very lightly contaminated with residual magic.
Nothing appears to happen.
The orc hits you with a +0 short sword.
The orc wizard hits you with a +0 dagger.
You are too injured to fight recklessly!
Casting: Magic Dart (safe; 4% risk of failure)
Confirm with . or Enter, or press ? or * to list all spells.
A beastly little devil appears in a puff of flame.
* * * LOW HITPOINT WARNING * * *
The orc wizard misses you. The orc misses you.
The orc wizard points at you and mumbles some strange words.
The magic dart hits you!
You die...

...###........#
....##........##
55.............# ######
..5............# #..(...
...555.§.......###.......
.........................
...............##.)......
...#..........###o.5.....
..##............@.o......
....(.:#.##...###........
#####..#.#..#..##........
# #..#.#.###.#......... .
#...... ........... .
.....## ..#........
....... #........ #...#.#
#...... #...#..


You could see an orc wizard, an orc (ally target) and a friendly crimson imp
(summoned).

Vanquished Creatures
  2 adders (D:2)
  A dart slug (D:2)
  An orc (D:2)
  3 endoplasms (D:1)
  2 giant cockroaches
  3 goblins
  6 hobgoblins
  A jackal (D:1)
  2 quokkas (D:1)
  3 ball pythons
  3 kobolds (D:1)
  A rat (D:1)
28 creatures vanquished.

Vanquished Creatures (collateral kills)
  2 jackals (D:1)
2 creatures vanquished.

Grand Total: 30 creatures vanquished

Notes
Turn   | Place    | Note
-------+----------+-------------------------------------------
     0 | D:1      | Gerhazo the Djinni Hedge Wizard began the quest for the
                  | Orb.
     0 | D:1      | Gerhazo set off with the following spells memorised: Magic
                  | Dart, Slow, Blink, Call Imp, Mephitic Cloud.
     0 | D:1      | Reached XP level 1. HP: 15/15 MP: 0/0
   131 | D:1      | Reached XP level 2. HP: 12/21 MP: 0/0
   464 | D:1      | Reached XP level 3. HP: 24/25 MP: 0/0
   464 | D:1      | Learned a level 1 spell: Beastly Appendage
   730 | D:2      | Reached skill level 3 in Dodging
   774 | D:2      | Reached XP level 4. HP: 20/31 MP: 0/0
   921 | D:2      | Killed from afar by an orc wizard

Illustrated notes

Levels and vault maps discovered:
D:1:      evilmike_arrival_rings, layout_loops_ring
D:2:      layout_rooms, hellmonk_ecumenical_altar_arch_garden, minmay_between
D:3:      layout_loops_corners

Skill      XL: |  1  2  3 |
---------------+----------+-----
Stealth        | 2 |  2.4
Dodging        | 3 |  3.1
Spellcasting   | |  2.9

Action                     |  1- 3 |  4- 6 || total
---------------------------+-------+-------++-------
  Melee: Dagger            |    11 |       ||    11
         Punch             |     1 |       ||     1
   Cast: Magic Dart        |    74 |    13 ||    87
         Call Imp          |     4 |     3 ||     7
         Mephitic Cloud    |     1 |       ||     1
         Beastly Appendage |     1 |       ||     1
 Armour: Robe              |    14 |     2 ||    16
  Dodge: Dodged            |    43 |    12 ||    55

Table legend: (Time is in decaauts)
 A = Elapsed time spent in this place.
 B = Non-inter-level travel time spent in this place.
 C = Inter-level travel time spent in this place.
 D = Time resting spent in this place.
 E = Time spent auto-exploring this place.
 F = Levels seen in this place.
 G = Mean time per level.
                   A        B        C        D        E       F      G
               +--------+--------+--------+--------+--------+-----+--------+
         Total |    922 |    922 |      0 |    141 |    505 |   3 |  307.3 |
       Dungeon |    922 |    922 |      0 |    141 |    505 |   3 |  307.3 |
               +--------+--------+--------+--------+--------+-----+--------+

Top non-repeatable levels by time:
     D:1: 649 daAuts
     D:2: 268 daAuts
     D:3: 4 daAuts
